 Dungeon Crawl Stone Soup version 0.23-a0-417-gf02c810438 (webtiles) character file.

82 Napalmbreeze the Skirmisher (level 4, -5/29 HPs)
             Began as a Gargoyle Fighter on Nov 11, 2018.
             Slain by an ogre
             ... wielding a +0 giant spiked club
              (25 damage)
             ... on level 2 of the Dungeon.
             The game lasted 00:03:02 (1606 turns).

Napalmbreeze the Skirmisher (Gargoyle Fighter)      Turns: 1606, Time: 00:03:03

Health: -5/29      AC: 10    Str: 20    XL:     4   Next: 43%
Magic:  4/4        EV:  7    Int:  9    God:
Gold:   65         SH:  9    Dex:  9    Spells: 3/3 levels left

rFire    . . .     SeeInvis .   a - +0 flail
rCold    . . .     Gourm    .   c - +0 shield
rNeg     + . .     Faith    .   b - +0 scale mail
rPois    ∞         Spirit   .   (no helmet)
rElec    +         Reflect  .   (no cloak)
rCorr    .         Harm     .   (no gloves)
MR       .....                  (no boots)
Stlth    ..........             (no amulet)
HPRegen  0.09/turn              (no ring)
MPRegen  0.09/turn              (no ring)

@: no status effects
A: negative energy resistance 1, electricity resistance, unbreathing,
petrification resistance, rot immunity, AC +3
a: no special abilities


You were on level 2 of the Dungeon.
You were hungry.

You visited 1 branch of the dungeon, and saw 2 of its levels.

You collected 65 gold pieces.

Inventory:

Hand Weapons
 a - a +0 flail (weapon)
 n - a +0 dagger of venom
Missiles
 k - 6 poisoned needles
Armour
 b - a +0 scale mail (worn)
 c - a +0 shield (worn)
Scrolls
 e - 3 scrolls of identify {unknown}
 g - a scroll of magic mapping {unknown}
 m - a scroll of random uselessness {unknown}
 o - a scroll of enchant armour {unknown}
 p - 5 scrolls of teleportation {unknown}
 s - a scroll of remove curse {unknown}
Potions
 d - a potion of might
 h - a potion of resistance {unknown}
 i - 2 potions of cancellation {unknown}
 j - a potion of degeneration {unknown}
 l - a potion of haste {unknown}
 q - a potion of lignification {unknown}
Comestibles
 f - 7 rations
 r - a chunk of flesh


   Skills:
 + Level 3.8 Fighting
 * Level 3.3 Maces & Flails
 + Level 3.8 Armour
 + Level 3.8 Shields


You had 3 spell levels left.
You didn't know any spells.
Your spell library contained the following spells:

 Spells                   Type           Power        Failure   Level  Hunger
 Bolt of Magma            Conj/Fire/Erth #.........   100%        5    ######.
 Iskenderun's Battlesphe  Conj/Chrm      #.......     100%        5    ######.
 Venom Bolt               Conj/Pois      #.........   100%        5    ######.
 Iron Shot                Conj/Erth      #.........   100%        6    #######
 Orb of Destruction       Conj           #.........   100%        7    #######
 Spellforged Servitor     Conj/Summ      #.........   100%        7    #######


Dungeon Overview and Level Annotations

Branches:
Dungeon (2/15)

Altars:


Innate Abilities, Weirdness & Mutations

You are resistant to torment.
Your stone body is resilient. (AC +3)
You are immune to poison.
You resist negative energy. (rN+)
You are resistant to electric shocks. (rElec)
You can survive without breathing.
You are immune to petrification.
You are immune to rotting.


Message History

You sock the dart slug!
The dart slug is severely wounded.
The ogre barely misses you. The dart slug launches a dart at you.
The slug dart hits you!
You hit the dart slug.
You kill the dart slug!
You block the ogre's attack.
You see here a +0 club.
You sock the ogre!
The ogre is heavily wounded.
The ogre hits you with a +0 giant spiked club!
You barely miss the ogre.
The ogre is heavily wounded.
You block the ogre's attack.
You barely miss the ogre.
The ogre is heavily wounded.
The ogre hits you with a +0 giant spiked club!!
Ouch! That really hurt!
You die...

....#....#.)...##......#..####.#
#.#......#.[...##........###..l##
..#...#..#.##.#.#......### #.....
......#....#..#.#......# #.....
......#......##.......## #<....
......#......##....##### #.....
#.###.#........l)......#####.....
#.#.........######...............
#.#.........# #.@Ol..............
#÷####......###)##...............
........#.......<).....##........
..#####.##########.....# .......[
..# #.# #...[.# ....... ..# #>#
...###.....########## ..# ###
...............# ..#
...............# ###
..................


You could see an ogre and a leopard gecko.

Vanquished Creatures
  3 gnolls
  An ooze (D:1)
  A worm (D:2)
  3 dart slugs
  A leopard gecko (D:2)
  A giant cockroach (D:2)
  4 goblins
  4 hobgoblins (D:2)
  4 jackals (D:2)
  2 kobolds
  A quokka (D:2)
  10 bats
  2 frilled lizards (D:2)
  3 rats
40 creatures vanquished.

Notes
Turn   | Place    | Note
-------+----------+-------------------------------------------
     0 | D:1      | Napalmbreeze the Gargoyle Fighter began the quest for the
                  | Orb.
     0 | D:1      | Reached XP level 1. HP: 14/14 MP: 1/1
    83 | D:1      | Reached XP level 2. HP: 17/19 MP: 2/2
   672 | D:2      | Reached XP level 3. HP: 23/23 MP: 3/3
  1195 | D:2      | Reached XP level 4. HP: 15/29 MP: 4/4
  1285 | D:2      | Noticed an ogre
  1606 | D:2      | Slain by an ogre

Vault maps used:
D:1:      ncdulo_halloftheorcs
D:2:      chequers_ecumenical_altar_lobes

Skill      XL: |  1  2  3 |
---------------+----------+-----
Maces & Flails | 3 |  3.3
Fighting       | |  3.8
Armour         | |  3.8
Shields        | |  3.8

Action                   |  1- 3 |  4- 6 || total
-------------------------+-------+-------++-------
Melee: Flail             |   157 |    33 ||   190
  Use: Potion            |     1 |       ||     1
  Eat: Chunk             |     1 |     1 ||     2
Armor: Scale mail        |   110 |    14 ||   124
Dodge: Dodged            |    67 |     7 ||    74
Block: Shield            |   108 |    15 ||   123

Table legend:
 A = Non-vault XP
 B = Vault XP
 C = Vault XP percentage of total XP
 D = Non-vault monster count
 E = Vault monster count
 F = Vault count percentage of total count
                 A         B        C        D         E       F
            +---------+---------+-------+---------+---------+-------
      Total |     118 |       0 |   0.0 |      40 |       0 |   0.0
            +---------+---------+-------+---------+---------+-------
        D:1 |      44 |       0 |   0.0 |      15 |       0 |   0.0
        D:2 |      74 |       0 |   0.0 |      25 |       0 |   0.0
            +---------+---------+-------+---------+---------+-------
